 Dungeon Crawl Stone Soup version 0.32-a0-468-g38b2580584 (webtiles) character file.

Game seed: 12594160713409839200

42474 mopl the Covert (level 13, -8/105 HPs)
             Began as a Yellow Draconian Enchanter on Feb 24, 2024.
             Was the Champion of Dithmenos.
             Drowned by a drowned soul (11 damage)
             ... summoned by a merfolk avatar
             ... on level 5 of the Lair of Beasts.
             The game lasted 00:39:06 (15598 turns).

mopl the Covert (Yellow Draconian Enchanter)       Turns: 15598, Time: 00:39:06

Health: -8/105     AC: 14    Str: 13    XL:     13   Next: 85%
Magic:  18/25      EV: 14    Int: 19    God:    Dithmenos [******]
Gold:   318        SH:  0    Dex: 11    Spells: 3/29 levels left

rFire   . . .        a - +1 dagger
rCold   . . .        (no shield)
rNeg    . . .        (body armour unavailable)
rPois   .            A - +1 hat
rElec   .            (no cloak)
rCorr   +            j - +0 pair of gloves
SInv    +            (no boots)
Will    .....        s - amulet of regeneration
Stlth   ++++         B - +4 ring of protection
HPRegen 1.17/turn    V - ring of see invisible
MPRegen 0.19/turn

%: no passive effects
@: confusing by touch, about to teleport, short of breath, mesmerised, wreathed
by umbra, very slow
A: spit acid, AC +8, unfitting armour, cold-blooded, acid resistance
a: Breathe Acid, Renounce Religion, Shadow Step, Shadow Form


You were on level 5 of the Lair of Beasts.
You worshipped Dithmenos.
Dithmenos was exalted by your worship.
You visited 2 branches of the dungeon, and saw 15 of its levels.
You also visited: Ossuary.

You collected 853 gold pieces.
You spent 535 gold pieces at shops.

Inventory:

Hand Weapons
 a - a +1 dagger (weapon)
 R - the +3 Elemental Staff {ele, rElec rF+ rC+ AC+3}
   (You found it on level 9 of the Dungeon)

   AC+3:      It affects your AC (+3).
   rF+:       It protects you from fire.
   rC+:       It protects you from cold.
   rElec:     It insulates you from electricity.
 T - a +2 short sword of freezing
Missiles
 b - 3 atropa-tipped darts
 o - 49 poisoned darts
 r - 4 boomerangs
 S - a curare-tipped dart
 X - 7 javelins
Armour
 j - a +0 pair of gloves (worn)
 A - a +1 hat (worn)
Jewellery
 g - a ring of protection from cold
 s - an amulet of regeneration (around neck)
 v - a ring of magical power
 B - a +4 ring of protection (left hand)
 H - the amulet of Twilight {Faith -Tele *Corrode rF+++ rC+++}
   (You found it on level 5 of the Lair of Beasts)

   [amulet of faith]

   Faith:     It allows you to gain divine favour quickly.
   rF+++:     It renders you almost immune to fire.
   rC+++:     It renders you almost immune to cold.
   -Tele:     It prevents most forms of teleportation.
   *Corrode:  It may corrode you when you take damage.
 V - a ring of see invisible (right hand)
Wands
 z - a wand of paralysis (23)
 C - a wand of roots (26)
 E - a wand of acid (18)
 F - a wand of polymorph (6)
Scrolls
 f - 4 scrolls of enchant armour {unknown}
 i - 4 scrolls of immolation
 k - 3 scrolls of poison
 n - a scroll of identify
 q - 3 scrolls of blinking {unknown}
 u - 8 scrolls of fear {unknown}
 x - 2 scrolls of revelation
 y - a scroll of torment {unknown}
 D - 5 scrolls of teleportation
 G - a scroll of enchant weapon
 O - 2 scrolls of noise {unknown}
 P - a scroll of fog {unknown}
 Q - 2 scrolls of vulnerability
 U - 2 scrolls of butterflies {unknown}
 W - a scroll of silence {!r}
 Y - a scroll of acquirement {unknown}
Potions
 c - 4 potions of enlightenment
 d - 4 potions of invisibility
 e - 2 potions of lignification {!q}
 h - a potion of ambrosia {unknown}
 l - 5 potions of curing
 m - 6 potions of might
 p - 5 potions of attraction
 t - 2 potions of magic
 w - a potion of berserk rage {unknown}
 I - 4 potions of haste
 J - 5 potions of mutation {unknown}
 K - a potion of cancellation
 L - 4 potions of brilliance {unknown}
 M - 2 potions of heal wounds
 N - a potion of resistance


   Skills:
 + Level 7.5 Fighting
 + Level 8.4 Short Blades
 + Level 3.6 Throwing
 + Level 6.3 Dodging
 * Level 12.1 Stealth
 + Level 8.9 Spellcasting
 * Level 11.1 Hexes
 + Level 4.4 Invocations
 + Level 6.6 Evocations


You had 3 spell levels left.
You knew the following spells:

 Your Spells              Type           Power      Damage    Failure   Level
a - Dazzling Flash        Conj/Hex       58%        N/A       2%          3
b - Ensorcelled Hibernat  Hex/Ice        58%        N/A       1%          2
c - Confusing Touch       Hex            50%        N/A       1%          3
d - Tukima's Dance        Hex            50%        N/A       1%          3
f - Cause Fear            Hex            25%        N/A       1%          4
g - Anguish               Hex/Necr       14%        N/A       9%          4
F - Enfeeble              Hex            25%        N/A       56%         7

Your spell library contained the following spells:

 Spells                   Type           Power      Damage    Failure   Level
 Inner Flame              Hex/Fire       29%        N/A       2%          3
 Magic Dart               Conj           32%        1d4       9%          1
 Sting                    Conj/Alch      32%        1d5       9%          1
 Mercury Vapours          Alch/Air       16%        N/A       13%         2
 Searing Ray              Conj           16%        2d5       13%         2
 Volatile Blastmotes      Fire/Tloc      16%        2d11      26%         3
 Flame Wave               Conj/Fire      8%         2d5       63%         4
 Fulminant Prism          Conj/Alch      4%         3d5       63%         4
 Olgreb's Toxic Radiance  Alch           8%         N/A       63%         4
 Sticky Flame             Fire/Alch      8%         2d4       63%         4
 Starburst                Conj/Fire      4%         6d3       100%        6
 Maxwell's Capacitive Co  Air            4%         ∞         100%        8


Dungeon Overview and Level Annotations

Branches:
Dungeon (10/15)            Temple (0/1) D:7            Lair (5/5) D:9
 Shoals (0/4) Lair:3       Spider (0/4) Lair:3        Slime (0/5) Lair:5
Ossuary (visited)
    Orc: D:9-12

Altars:
Dithmenos
Gozag
Nemelex Xobeh
Ru
Wu Jian

Shops:
D:1 =   D:6 *   D:7 [?

Annotations:
D:4 1 runed translucent door, Konar's ghost, amateur CoHu
D:9 fly
Lair:1 2 transporters, GrimJard's ghost, journeyman MiFi
Lair:2 3 runed translucent doors, Flippered's ghost, journeyman GnDe


Innate Abilities, Weirdness & Mutations

You can spit globs of acid.
Your golden yellow scales are hard. (AC +8)
You cannot fit into any form of body armour.
You are cold-blooded and may be slowed by cold attacks.
You are resistant to acid. (rCorr)


Message History

Your shadow barely misses the merfolk avatar.
Unknown command.
The merfolk avatar chants its luring song. x2
Unknown command.
You hit the merfolk avatar but do no damage.
The merfolk avatar is lightly wounded.
Your shadow barely misses the merfolk avatar.
The drowned soul touches you. The drowned soul drowns you!
Unknown command.
You barely miss the merfolk avatar.
The merfolk avatar is lightly wounded.
The merfolk avatar chants its luring song.
Unknown command.
You hit the merfolk avatar but do no damage.
The merfolk avatar is lightly wounded.
Your shadow misses the merfolk avatar. The drowned soul touches you.
The drowned soul drowns you!
* * * LOW HITPOINT WARNING * * *
The drowned soul touches you. The drowned soul drowns you!
* * * LOW HITPOINT WARNING * * *
The merfolk avatar chants its luring song.
Unknown command.
Unknown command.
Unknown command.
As you read the scroll of teleportation, it crumbles to dust.
You feel strangely unstable. The drowned soul touches you.
The drowned soul drowns you!
* * * LOW HITPOINT WARNING * * *
The merfolk avatar chants its luring song.
Unknown command.
Unknown command.
You enter the shallow water.
Moving in this stuff is going to be slow.
The merfolk avatar chants its luring song.
Unknown command.
The merfolk avatar chants its luring song.
The drowned soul touches you. The drowned soul drowns you!
* * * LOW HITPOINT WARNING * * *
The drowned soul touches you. The drowned soul drowns you!
You die...

~~~~ #~~##~~~~~... ~~
~.~~~~~~~~~~~....
##.###~~###~~#~.~~...#
~~~~~~~~~~~~#.~##.††#
#~~~ßß~~P#~#.~##.†.#
.~~~~~~~~~ß#~~~~....
#####~~~~###~#~~~.....
#⌠.~~~~~~~.~⌠#~~##~..#
#~~~ß@~~~~~~~#~~##..#.
#.#~#~m.##~..#~~~~....
~. #$?$!~~~~~.~~P~...
#~ #$≈≈(#~.~#~~~#~...
......~#~~ #
#)≈≈=#~.#|.~~~~..#
.......~~
#/!?!#~~~#..~~~...
......~~ H
######~~##.~~.....
......~# ~~
#ß~~~#~~#~..÷.
...$..~#~~~
~..#~~⌠#~~##....


You could see a merfolk avatar (mesmerising).

Vanquished Creatures
  Josephine (Lair:4)
  3 hydras (Lair:3)
  A catoblepas (Lair:1)
  2 boulder beetles
  6 death yaks
  Urug (Lair:5)
  A skyshark (Lair:5)
  A lindwurm (Lair:5)
  2 harpies (Lair:5)
  Pikel (D:6)
  A deep elf pyromancer (D:9)
  6 elephants
  4 black mambas
  A torpor snail (Lair:2)
  11 cane toads
  An unseen horror (D:7)
  A gargoyle (D:10)
  Maggie (D:6)
  5 rime drakes
  6 komodo dragons
  A wind drake (Lair:5)
  2 polar bears (Lair:5)
  Grinder (D:5)
  Prince Ribbit (D:6)
  A raiju (D:9)
  22 blink frogs
  3 dream sheep (Lair:2)
  3 wraiths
  4 wyverns
  Eustachio (D:6)
  A fire elemental (D:9)
  2 basilisks
  34 yaks
  A warg (D:8)
  4 vampire mosquitoes (D:10)
  Menkaure (D:5)
  3 steam dragons
  3 acid dragons
  18 water moccasins
  An ice beast (D:6)
  3 black bears
  A sky beast (D:7)
  4 ogres
  2 centaurs
  12 wolves
  2 lemures (D:6)
  4 kobold brigands
  9 bullfrogs
  Blork the orc (D:5)
  2 scorpions
  3 wights
  16 killer bees
  2 howler monkeys (D:8)
  A bombardier beetle (D:5)
  2 hounds
  3 jellies
  4 bullfrog zombies (Ossuary)
  A gnoll bouda (D:8)
  5 orc priests
  Ijyb (D:5)
  3 iguanas
  8 orc wizards
  7 hell rats (Lair:3)
  4 crocodile zombies (Ossuary)
  3 hound zombies (Ossuary)
  10 mummies (Ossuary)
  5 howler monkey zombies (Ossuary)
  11 gnolls
  3 adders
  A shadow imp (D:7)
  2 white imps
  2 dart slugs
  2 ribbon worms
  16 orcs
  4 ball pythons
  7 endoplasms
  3 giant cockroaches
  5 goblins
  8 hobgoblins
  2 jackals (D:1)
  2 quokkas
  6 ball python zombies (Ossuary)
  8 bats
  A frilled lizard (D:1)
  28 kobolds
  A kobold zombie (D:7)
  5 rats
398 creatures vanquished.

Vanquished Creatures (collateral kills)
  Edmund (D:5)
  4 wights
  A gnoll (D:5)
6 creatures vanquished.

Vanquished Creatures (others)
  A dancing weapon (Lair:5)
1 creature vanquished.

Grand Total: 405 creatures vanquished

Notes
Turn   | Place    | Note
-------+----------+-------------------------------------------
     0 | D:1      | mopl the Draconian Enchanter began the quest for the Orb.
     0 | D:1      | Reached XP level 1. HP: 14/14 MP: 3/3
    75 | D:1      | Found Zaacoc's Jewellery Emporium.
   191 | D:1      | Reached XP level 2. HP: 20/20 MP: 5/5
   194 | D:1      | Learned a level 2 spell: Ensorcelled Hibernation
   329 | D:1      | Reached skill level 3 in Stealth
   507 | D:1      | Reached skill level 3 in Hexes
   723 | D:1      | Reached XP level 3. HP: 26/26 MP: 6/6
   727 | D:1      | Learned a level 3 spell: Confusing Touch
  2223 | D:3      | Reached XP level 4. HP: 33/33 MP: 5/8
  2227 | D:3      | Learned a level 3 spell: Tukima's Dance
  2746 | D:4      | Noticed a black bear
  2755 | D:4      | Killed a black bear
  2756 | D:4      | Reached skill level 2 in Short Blades
  2756 | D:4      | Reached skill level 3 in Spellcasting
  2756 | D:4      | Reached XP level 5. HP: 32/38 MP: 2/9
  2795 | D:4      | Found a shadowy altar of Dithmenos.
  2798 | D:4      | Found a sacrificial altar of Ru.
  2798 | D:4      | Found a sparkling altar of Nemelex Xobeh.
  2803 | D:4      | Became a worshipper of Dithmenos the Shadowed
  3045 | D:5      | Entered Level 5 of the Dungeon
  3057 | D:5      | Noticed a water moccasin
  3091 | D:5      | Reached skill level 4 in Stealth
  3116 | D:5      | HP: 1/57 [poisoned by a water moccasin]
  3122 | D:5      | Killed a water moccasin
  3123 | D:5      | Reached skill level 4 in Hexes
  3123 | D:5      | Reached XP level 6. HP: 9/45 MP: 6/11
  3523 | D:4      | Found a runed translucent door.
  3525 | D:4      | Noticed Konar's ghost (amateur CoHu)
  3640 | D:5      | Noticed Edmund
  3699 | D:5      | Noticed Ijyb
  3706 | D:5      | Noticed Menkaure
  3712 | D:5      | Killed Ijyb
  3721 | D:5      | Killed Menkaure
  3722 | D:5      | Reached skill level 4 in Spellcasting
  3722 | D:5      | Your scales start taking on a golden yellow colour.
  3722 | D:5      | Reached XP level 7. HP: 48/50 MP: 3/13
  3722 | D:5      | Gained mutation: You are resistant to acid. (rCorr) [Yellow
                  | Draconian growth]
  3730 | D:5      | Reached skill level 3 in Short Blades
  3752 | D:5      | Reached skill level 5 in Stealth
  3875 | D:5      | Learned a level 3 spell: Dazzling Flash
  3925 | D:5      | Killed Edmund
  3963 | D:5      | Reached skill level 5 in Hexes
  4028 | D:5      | Noticed Grinder
  4054 | D:5      | Reached * piety under Dithmenos
  4066 | D:5      | Killed Grinder
  4067 | D:5      | Reached skill level 5 in Spellcasting
  4067 | D:5      | Reached XP level 8. HP: 57/57 MP: 4/15
  4132 | D:5      | Noticed Blork the orc
  4172 | D:5      | Killed Blork the orc
  4334 | D:6      | Found Retzuma's General Store.
  4337 | D:6      | Reached skill level 6 in Stealth
  4378 | D:6      | Bought a scroll of enchant weapon for 75 gold pieces
  4378 | D:6      | Bought a potion of degeneration for 10 gold pieces
  4378 | D:6      | Bought a scroll of teleportation for 30 gold pieces
  4378 | D:6      | Bought a potion of might for 40 gold pieces
  4422 | D:6      | Reached skill level 4 in Short Blades
  4581 | D:6      | Noticed Eustachio
  4583 | D:6      | Noticed Pikel
  4755 | D:6      | Killed Pikel
  4756 | D:6      | Reached skill level 6 in Spellcasting
  4756 | D:6      | Reached skill level 6 in Hexes
  4756 | D:6      | Reached XP level 9. HP: 55/62 MP: 14/18
  4806 | D:6      | Found an ornate altar of the Wu Jian Council.
  4825 | D:6      | Killed Eustachio
  4826 | D:6      | Reached skill level 7 in Stealth
  4953 | D:6      | Noticed Maggie
  4960 | D:6      | Killed Maggie
  4994 | D:6      | Noticed Prince Ribbit
  4998 | D:6      | Killed Prince Ribbit
  5039 | D:6      | Reached skill level 5 in Short Blades
  5170 | D:6      | Reached skill level 7 in Hexes
  5410 | D:7      | Found a staircase to the Ecumenical Temple.
  5430 | D:7      | Reached skill level 2 in Dodging
  5440 | D:7      | Found Nefyos's Magic Scroll Emporium.
  5448 | D:7      | Bought a scroll of amnesia for 40 gold pieces
  5448 | D:7      | Bought a scroll of identify for 20 gold pieces
  5448 | D:7      | Bought a scroll of immolation for 40 gold pieces
  5448 | D:7      | Found Ecoofun's Armour Shoppe.
  5496 | D:7      | Reached ** piety under Dithmenos
  5500 | D:7      | Reached skill level 1 in Fighting
  5541 | D:7      | Found a sand-covered staircase.
  5547 | Ossuary  | Entered an ossuary
  5621 | Ossuary  | Reached skill level 1 in Evocations
  5703 | Ossuary  | Reached skill level 8 in Stealth
  5999 | Ossuary  | Reached *** piety under Dithmenos
  6184 | D:7      | Bought a scroll of vulnerability for 40 gold pieces
  6245 | D:7      | Reached XP level 10. HP: 60/70 MP: 2/19
  6423 | D:8      | Learned a level 4 spell: Cause Fear
  6461 | D:8      | Reached skill level 2 in Fighting
  6539 | D:8      | Learned a level 4 spell: Anguish
  6570 | D:8      | Reached skill level 2 in Evocations
  7175 | D:9      | Noticed a boulder beetle
  7237 | D:9      | Killed a boulder beetle
  7238 | D:9      | Reached skill level 3 in Dodging
  7277 | D:9      | Reached skill level 3 in Fighting
  7277 | D:9      | Reached skill level 8 in Hexes
  7401 | D:9      | Reached skill level 7 in Spellcasting
  7402 | D:9      | Reached **** piety under Dithmenos
  7405 | D:9      | Reached skill level 6 in Short Blades
  7405 | D:9      | Reached skill level 3 in Evocations
  7412 | D:9      | Reached skill level 9 in Stealth
  7426 | D:9      | Found a staircase to the Lair.
  7819 | D:9      | Noticed a deep elf pyromancer
  7825 | D:9      | Killed a deep elf pyromancer
  7846 | D:9      | Reached XP level 11. HP: 70/83 MP: 14/21
  8149 | D:9      | Reached skill level 4 in Fighting
  8484 | D:10     | Entered Level 10 of the Dungeon
  8564 | D:10     | Found an opulent altar of Gozag.
  8700 | D:10     | Reached skill level 4 in Dodging
  8991 | D:10     | Reached skill level 4 in Evocations
  8993 | D:10     | Reached skill level 9 in Hexes
  9660 | D:7      | Bought a scroll of revelation for 75 gold pieces
  9660 | D:7      | Bought a scroll of silence for 95 gold pieces
  9660 | D:7      | Bought a scroll of poison for 40 gold pieces
  9660 | D:7      | Bought a scroll of teleportation for 30 gold pieces
  9712 | Lair:1   | Entered Level 1 of the Lair of Beasts
  9791 | Lair:1   | Found a transporter.
  9791 | Lair:1   | Noticed a skyshark
  9791 | Lair:1   | Noticed GrimJard's ghost (journeyman MiFi)
  9798 | Lair:1   | Reached skill level 10 in Stealth
  9813 | Lair:1   | Found a transporter.
  9824 | Lair:1   | Noticed a catoblepas
  9865 | Lair:1   | Killed a catoblepas
  9866 | Lair:1   | Reached skill level 5 in Fighting
  9992 | Lair:1   | Reached ***** piety under Dithmenos
 10003 | Lair:1   | Reached skill level 7 in Short Blades
 10561 | Lair:2   | Reached XP level 12. HP: 94/94 MP: 20/23
 10562 | Lair:2   | Noticed a death yak
 10623 | Lair:2   | Noticed a death yak
 10637 | Lair:2   | Noticed a death yak
 10702 | Lair:1   | Killed a death yak
 10703 | Lair:1   | Reached skill level 8 in Spellcasting
 10825 | Lair:2   | Found a runed translucent gate.
 10827 | Lair:2   | Found a runed translucent gate.
 10828 | Lair:2   | Found a runed translucent gate.
 10829 | Lair:2   | Noticed Flippered's ghost (journeyman GnDe)
 10883 | Lair:2   | Reached skill level 5 in Evocations
 10887 | Lair:2   | Reached skill level 5 in Dodging
 10954 | Lair:2   | Reached skill level 1 in Throwing
 10954 | Lair:2   | Reached skill level 1 in Invocations
 11227 | Lair:2   | Reached skill level 6 in Fighting
 11240 | Lair:2   | Reached skill level 10 in Hexes
 11266 | Lair:2   | You fall into a shaft and drop 1 floor!
 11459 | Lair:3   | Noticed a six-headed hydra
 11519 | Lair:3   | Noticed a seven-headed hydra
 11545 | Lair:3   | Killed a seven-headed hydra
 11546 | Lair:3   | Reached skill level 11 in Stealth
 11619 | Lair:3   | Killed a six-headed hydra
 11620 | Lair:3   | Reached skill level 2 in Invocations
 11662 | Lair:3   | Reached skill level 2 in Throwing
 11856 | Lair:3   | Noticed a six-headed hydra
 12031 | Lair:3   | Noticed a boulder beetle
 12035 | Lair:3   | Found a hole to the Spider Nest.
 12042 | Lair:3   | Killed a boulder beetle
 12108 | Lair:3   | Found a staircase to the Shoals.
 12134 | Lair:3   | Killed a six-headed hydra
 12896 | Lair:1   | Killed a death yak
 12897 | Lair:1   | Reached XP level 13. HP: 59/104 MP: 20/25
 13357 | Lair:3   | Reached skill level 3 in Invocations
 13624 | Lair:4   | Reached skill level 6 in Evocations
 13934 | Lair:4   | Reached skill level 8 in Short Blades
 13947 | Lair:4   | Reached skill level 7 in Fighting
 14040 | Lair:4   | Reached skill level 3 in Throwing
 14343 | Lair:5   | Entered Level 5 of the Lair of Beasts
 14349 | Lair:5   | Identified the amulet of Twilight {Faith -Tele *Corrode
                  | rF+++ rC+++}
 14420 | Lair:5   | Reached skill level 6 in Dodging
 14480 | Lair:5   | Found a staircase to the Slime Pits.
 14515 | Lair:5   | Noticed Urug
 14516 | Lair:5   | Noticed Josephine
 14646 | Lair:4   | Killed Josephine
 14647 | Lair:4   | Reached skill level 4 in Invocations
 14780 | Lair:5   | Killed Urug
 14811 | Lair:5   | Reached ****** piety under Dithmenos
 14933 | Lair:5   | Reached skill level 11 in Hexes
 14950 | Lair:5   | Learned a level 7 spell: Enfeeble
 15002 | Lair:4   | Reached skill level 12 in Stealth
 15598 | Lair:5   | HP: 3/105 [drowned by a drowned soul[a merfolk avatar]
                  | (10)]
 15598 | Lair:5   | Drowned by a drowned soul

Illustrated notes

Levels and vault maps discovered:
D:1:      minmay_arrival_semitransparent, layout_basic, serial_shops, shop,
          serial_bayou_ford_a
D:2:      layout_basic, kennysheep_small_spiral
D:3:      layout_basic
D:4:      layout_basic, grunt_temple_overflow_open, gammafunk_ghost_grave
D:5:      layout_cave_pools, uniq_menkaure, uniq_edmund, uniq_blork_the_orc,
          uniq_ijyb, uniq_grinder
D:6:      black_bear_nest_1, layout_basic, lemuel_tele_altar, serial_shops,
          nicolae_shop_advertising_works [nicolae_subvault_shop_adworks],
          chequers_decorated_corner, chequers_serial_rivers_micro_d, uniq_pikel,
          uniq_eustachio, uniq_maggie, uniq_prince_ribbit1
D:7:      layout_basic, minmay_temple_entry_junction, enter_ossuary_3,
          serial_shops, shop, shop
D:8:      layout_basic
D:9:      minmay_weird_star, layout_irregular_city, erik_lair_orcish_takeover,
          dilly_guarded_unrand_elemental_staff
D:10:     layout_basic, amcnicky_altar_gilded, statue_in_the_mist_lemuel
Lair:1:   layout_roguey, gammafunk_ghost_arena, serial_bayou_crossing,
          lemuel_fruit_tree
Lair:2:   layout_hall_layers, ebering_ghost_rock_garden, minivault_11
Lair:3:   layout_small_grid, shoals_dummy_entry, spider_nest_entry_web_field,
          grunt_megastairs_4
Lair:4:   layout_loops_ring, columned_hall_lemuel, infiniplex_staircase_pool_2
Lair:5:   gammafunk_lair_ancient_temple, layout_long_grid, slime_entry_1,
          infiniplex_staircase_pool, uniq_josephine, uniq_urug

Skill      XL: |  1  2  3  4  5  6  7  8  9 10 11 12 13 |
---------------+----------------------------------------+-----
Stealth        | 3 4 5 6 8 9 10 11 12 | 12.1
Hexes          | 3 4 5 6 7 8 9 10 11 | 11.1
Short Blades   | 2 3 4 5 6 7 8 |  8.4
Spellcasting   | 3 4 5 6 7 8 |  8.9
Dodging        | 2 3 4 5 6 |  6.3
Fighting       | 1 3 5 6 7 |  7.5
Evocations     | 1 3 4 5 6 |  6.6
Throwing       | 2 3 |  3.6
Invocations    | 2 4 |  4.4

Action                     |  1- 3 |  4- 6 |  7- 9 | 10-12 | 13-15 || total
---------------------------+-------+-------+-------+-------+-------++-------
  Melee: Dagger            |   158 |    82 |   476 |   709 |   359 ||  1784
         Tailslap          |    21 |    11 |    82 |   134 |    71 ||   319
         Unarmed           |       |     4 |       |       |       ||     4
  Throw: Dart              |       |       |       |     1 |       ||     1
   Cast: Ensorcelled Hiber |    12 |    31 |    46 |   215 |    95 ||   399
         Confusing Touch   |       |     1 |    17 |    21 |    11 ||    50
         Tukima's Dance    |       |       |    12 |     4 |     3 ||    19
         Dazzling Flash    |       |       |       |     2 |    14 ||    16
         Cause Fear        |       |       |       |     1 |       ||     1
Ability: Breathe Acid      |       |       |     6 |    21 |    11 ||    38
  Evoke: Wand              |       |     1 |       |     1 |     3 ||     5
    Use: Potion            |       |     2 |       |     1 |       ||     3
         Scroll            |       |       |       |     7 |     1 ||     8
   Stab: Sleeping          |    16 |    19 |    38 |   116 |    54 ||   243
         Paralysed         |       |     3 |       |       |       ||     3
         Confused          |       |       |     9 |    26 |    19 ||    54
         Distracted        |       |       |     1 |     2 |       ||     3
         Invisible         |       |       |       |     1 |     1 ||     2
 Armour: Skin              |    72 |    70 |   228 |   458 |   293 ||  1121
  Dodge: Dodged            |    88 |    55 |   209 |   502 |   246 ||  1100
  Block: Other             |     8 |       |       |       |       ||     8

Table legend: (Time is in decaauts)
 A = Elapsed time spent in this place.
 B = Non-inter-level travel time spent in this place.
 C = Inter-level travel time spent in this place.
 D = Time resting spent in this place.
 E = Time spent auto-exploring this place.
 F = Levels seen in this place.
 G = Mean time per level.
                   A        B        C        D        E       F      G
               +--------+--------+--------+--------+--------+-----+--------+
         Total |  15209 |  14388 |    821 |   1661 |   7988 |  16 |  950.6 |
       Dungeon |   9076 |   8449 |    627 |    745 |   5110 |  10 |  907.6 |
          Lair |   5695 |   5501 |    194 |    890 |   2856 |   5 | 1139.0 |
       Ossuary |    438 |    438 |      0 |     26 |     21 |   1 |  438.0 |
               +--------+--------+--------+--------+--------+-----+--------+

Top non-repeatable levels by time:
  Lair:3: 1507 daAuts
  Lair:4: 1220 daAuts
     D:1: 1174 daAuts
     D:8: 1110 daAuts
  Lair:1: 1105 daAuts
     D:9: 1097 daAuts
  Lair:2: 1065 daAuts
     D:6: 927 daAuts
     D:5: 872 daAuts
     D:2: 862 daAuts
     D:7: 830 daAuts
    D:10: 816 daAuts
  Lair:5: 797 daAuts
     D:3: 754 daAuts
     D:4: 629 daAuts
